 Dungeon Crawl Stone Soup version 0.29-a0-275-g389c0b56f3 (webtiles) character file.

Game seed: 15401309236020651838

75216 Ajdolov the Black Belt (level 15, -1/210 HPs)
             Began as an Octopode Transmuter on Mar 10, 2022.
             Was an Initiate of Gozag.
             Slain by an Executioner (6 damage)
             ... on level 3 of the Abyss.
             The game lasted 00:57:46 (24890 turns).

Ajdolov the Black Belt (Octopode Transmuter)       Turns: 24890, Time: 00:57:48

Health: -1/210     AC: 11    Str:  9    XL:     15   Next: 49%
Magic:  31/31      EV: 10    Int: 30    God:    Gozag
Gold:   1585       SH:  0    Dex: 12    Spells: 13/24 levels left

rFire   . . .      SeeInvis .     - Unarmed
rCold   + + .      Faith    .   (shield currently unavailable)
rNeg    . . .      Spirit   .   (helmet currently unavailable)
rPois   +          Reflect  .   l - amulet of regeneration
rElec   .          Harm     .   e - ring of resist corrosion
rCorr   +          Rampage  .   y - ring of poison resistance
Will    +....                   B - +6 ring of intelligence
Stlth   ..........              g - ring of magical power
HPRegen 1.25/turn               m - ring of fire
MPRegen 0.22/turn               (no ring)
                                (no ring)
                                (no ring)

@: berserking, ice-form, very quick
A: freezing attack, boosted hp, almost no armour, amphibious, 8 rings, large,
(camouflage 1), (gelatinous body 1), (nimble swimmer 1), (tentacles)
a: End Transformation, Renounce Religion, Potion Petition, Call Merchant, Bribe
Branch


You were on level 3 of the Abyss.
You worshipped Gozag.
Gozag was most pleased with you.
You were a creature of crystalline ice.
You visited 3 branches of the dungeon, and saw 21 of its levels.
You visited the Abyss 2 times.
You also visited: Sewer.

You collected 6127 gold pieces.
You spent 2467 gold pieces at shops.
You paid 2075 gold pieces to Gozag.

Inventory:

Missiles
 K - 9 curare-tipped darts (quivered)
Jewellery
 e - a ring of resist corrosion (left front paw)
 g - a ring of magical power (on tentacle)
 l - an amulet of regeneration (around neck)
 m - a ring of fire (on tentacle)
 y - a ring of poison resistance (right front paw)
 B - a +6 ring of intelligence (on tentacle)
Wands
 c - a wand of iceblast (12)
 t - a wand of paralysis (6)
 N - a wand of acid (4)
 O - a wand of flame (8)
Scrolls
 b - 5 scrolls of teleportation
 n - 5 scrolls of vulnerability
 o - 2 scrolls of fear {unknown}
 p - a scroll of holy word {unknown}
 s - 2 scrolls of magic mapping
 u - a scroll of brand weapon {unknown}
 x - 3 scrolls of silence
 z - 4 scrolls of noise
 D - 2 scrolls of immolation
 E - 2 scrolls of torment
 I - a scroll of summoning {unknown}
 M - 3 scrolls of amnesia
 R - a scroll of enchant weapon
 S - a scroll of identify
Potions
 a - 3 potions of lignification
 h - 4 potions of curing
 i - a potion of flight {unknown}
 k - 5 potions of ambrosia
 q - a potion of berserk rage
 r - 7 potions of brilliance
 v - 2 potions of invisibility
 w - a potion of haste
 A - 5 potions of attraction
 F - 2 potions of might
 G - 3 potions of cancellation
 J - 2 potions of resistance {unknown}
 Q - a potion of magic {unknown}
 T - a potion of mutation {unknown}
Miscellaneous
 f - a box of beasts
 L - a tin of tremorstones (2/2)
 P - a condenser vane (inert)


   Skills:
 * Level 16.0 Fighting
 - Level 2.0 Dodging
 - Level 4.0 Stealth
 * Level 16.2 Unarmed Combat
 + Level 5.1 Spellcasting
 - Level 9.0 Transmutations
 - Level 5.9 Ice Magic
 + Level 9.4 Earth Magic


You had 13 spell levels left.
You knew the following spells:

 Your Spells              Type           Power      Damage    Failure   Level
a - Beastly Appendage     Tmut           100%       N/A       1%          1
b - Ice Form              Ice/Tmut       52%        N/A       2%          4
c - Statue Form           Tmut/Erth      38%        N/A       21%         6

Your spell library contained the following spells:

 Spells                   Type           Power      Damage    Failure   Level
 Wereblood                Tmut           58%        N/A       1%          2
 Ensorcelled Hibernation  Hex/Ice        50%        N/A       2%          2
 Spider Form              Tmut/Pois      34%        N/A       2%          3
 Lee's Rapid Deconstruct  Erth           29%        3d16*     3%          5
 Ignite Poison            Fire/Tmut/Pois 38%        N/A       4%          3
 Foxfire                  Conj/Fire      44%        2x1d6     6%          1
 Shock                    Conj/Air       28%        1d4       6%          1
 Slow                     Hex            28%        N/A       6%          1
 Leda's Liquefaction      Hex/Erth       18%        N/A       9%          4
 Call Canine Familiar     Summ           7%         N/A       17%         3
 Confusing Touch          Hex            7%         N/A       17%         3
 Conjure Flame            Conj/Fire      11%        6-21      17%         3
 Inner Flame              Hex/Fire       11%        N/A       17%         3
 Mephitic Cloud           Conj/Pois/Air  7%         N/A       17%         3
 Portal Projectile        Hex/Tloc       14%        N/A       17%         3
 Swiftness                Air            7%         N/A       17%         3
 Vampiric Draining        Necr           7%         2d6       17%         3
 Hailstorm                Conj/Ice       25%        3d7       17%         4
 Airstrike                Air            3%         N/A       50%         4
 Anguish                  Hex/Necr       3%         N/A       50%         4
 Flame Wave               Conj/Fire      11%        2d5       50%         4
 Freezing Cloud           Conj/Ice/Air   9%         6-21      56%         5
 Simulacrum               Ice/Necr       12%        N/A       95%         6


Dungeon Overview and Level Annotations

Branches:
Dungeon (14/15)            Temple (1/1) D:4            Lair (6/6) D:11
 Shoals (0/4) Lair:4       Spider (0/4) Lair:3        Slime (0/5) Lair:5
    Orc (0/2) D:11         Vaults (0/5) D:13          Sewer (visited)

Altars:
Ashenzari
Cheibriados
Dithmenos
Elyvilon
Fedhas
Gozag
Hepliaklqana
Kikubaaqudgha
Makhleb
Nemelex Xobeh
Okawaru
Qazlal
Ru
Sif Muna
Trog
Uskayaw
Vehumet
Wu Jian
Xom
Yredelemnul
Zin
The Shining One

Shops:
D:6 :   Lair:4 *   Lair:6 *

Annotations:
D:2 exclusion: necrophage
D:6 1 runed translucent door, Crownlay's ghost, novice GrEE
D:7 exclusion: skeletal warrior
D:9 exclusion: two-headed ogre
D:14 Louise
Lair:1 exclusion: fire dragon
Lair:6 exclusions: obsidian statue and 2 oklob plants


Innate Abilities, Weirdness & Mutations

You are a creature of crystalline ice.
You have a powerful freezing melee attack.
Your maximum health is increased.
Your armour is entirely melded.
You are incapable of wielding weapons or throwing items.
You cannot wear most types of armour.
You are amphibious.
You can wear up to eight rings at the same time.
((Your skin changes colour to match your surroundings (Stealth+).))
((Your rubbery body absorbs attacks. (AC +1, EV +1)))
((You are camouflaged when in or above water. (Stealth+)))
((You have tentacles for arms and can constrict up to eight enemies at once.))


Message History

The Executioner barely misses you.
The large abomination barely misses you.
The Executioner hits you.
The Executioner hits you but does no damage.
The Executioner hits you.
A reaper comes into view. It is wielding a +0 scythe of venom.
The Executioner barely misses you.
The Executioner hits you but does no damage. x2
You pummel the chaos spawn!! You freeze the chaos spawn!
You kill the chaos spawn!
That felt strangely unrewarding.
The chaos spawn degenerates into a cloud of primal chaos!
The Executioner closely misses you. The Executioner hits you. x2
The Executioner closely misses you.
The Executioner hits you but does no damage. x2
A starcursed mass comes into view.
The reaper hits you from afar with a +0 scythe of venom!!!
You hear a chilling moan.
Really walk into that cloud of seething chaos?
Okay, then.
Okay, then.
Okay, then.
Press: ? - help, v - describe, . - travel
Here: an Executioner (fast)
The floor.
A red film seems to cover your vision as you go berserk!
You feel yourself moving faster!
You feel mighty! The Executioner hits you. The Executioner closely misses you.
The Executioner hits you but does no damage.
The Executioner hits you!!
* * * LOW HITPOINT WARNING * * *
The Executioner closely misses you. The Executioner hits you.
* * * LOW HITPOINT WARNING * * *
The large abomination hits you!!
* * * LOW HITPOINT WARNING * * *
The Executioner barely misses you. The Executioner hits you!
* * * LOW HITPOINT WARNING * * *
The Executioner hits you.
You die...
Your body crumbles into a pile of gold.

.# # ... # .#
.. ## .#.
#.##2#####...
#...#.#..#.#
#1Y§....#
#....X.#..###
###X####
..###.# ##
#......# ..
##...#...#.##
#.# .## .... .
##.......###...
..##.#....##..
.... ..#...#...


You could see a starcursed mass, a reaper, an Executioner (fast) and a large
abomination.

Vanquished Creatures
  Agnes (D:14)
  A tentacled starspawn (Abyss:3)
  Nessos (D:12)
  4 dire elephants (Lair:6)
  Josephine (Lair:4)
  2 boulder beetles
  Fannar (D:12)
  6 hydras
  A catoblepas (Lair:5)
  7 two-headed ogres
  2 centaur warriors
  7 death yaks
  Sonja (Lair:4)
  Nergalle (Lair:2)
  3 skeletal warriors (D:13)
  2 spectral death yaks (Lair:6)
  A spectral anaconda (Lair:6)
  3 wizards
  A lindwurm (Lair:4)
  A lindwurm (shapeshifter) (D:13)
  A phantasmal warrior (Abyss:3)
  5 necromancers
  3 cyclopes
  9 ugly things
  2 deep elf pyromancers (D:14)
  2 manticores
  8 elephants (Lair:6)
  Maurice (D:10)
  8 black mambas
  2 dire elephant zombies (Lair:6)
  9 cane toads
  A torpor snail (Lair:6)
  A centaur zombie (D:7)
  Joseph (D:7)
  17 komodo dragons
  4 rime drakes
  An unseen horror (D:10)
  A tengu conjurer (D:14)
  A redback zombie (D:7)
  2 efreet
  2 hellwings (D:7)
  2 trolls
  A wind drake (Lair:4)
  An ancient zyme (Abyss:3)
  5 blink frogs (Lair:3)
  5 dream sheep (Lair:6)
  A harpy skeleton (Abyss:3)
  A meliai zombie (D:7)
  A raiju (Abyss:3)
  4 slime creatures (Lair:5)
  2 spectral elephants (Lair:6)
  A shadow (D:9)
  7 wyverns
  A vampire (D:12)
  A large abomination (Abyss:3)
  6 wraiths
  A water elemental (D:14)
  48 yaks
  11 vampire mosquitoes
  A steam dragon (D:10)
  7 basilisks
  A death yak simulacrum (Lair:6)
  A chaos spawn (Abyss:3)
  3 spectral cane toads (Lair:6)
  17 water moccasins
  An acid dragon (D:11)
  Duvessa (D:7)
  2 ice beasts
  2 swamp drakes
  A sky beast (D:7)
  An ogre (D:6)
  4 orc warriors
  2 black bears (D:5)
  3 centaurs
  4 kobold brigands
  11 bullfrogs
  3 scorpions
  2 cane toad simulacra (Lair:6)
  A water moccasin zombie (D:4)
  14 wights
  Dowan (D:7)
  An elephant simulacrum (Lair:6)
  An electric eel (D:14)
  2 howler monkeys
  A bullfrog zombie (D:4)
  A lava snake (Lair:4)
  5 hounds
  2 jellies
  4 orc priests
  3 centaur skeletons
  A gnoll shaman (D:8)
  7 hell rats (Lair:5)
  A scorpion zombie (D:4)
  5 iguanas
  4 orc wizards
  2 hound zombies (D:4)
  2 hound skeletons (D:4)
  16 gnolls
  7 adders
  5 shadow imps (D:7)
  2 ufetubi
  2 adder zombies (D:4)
  2 worms
  4 dart slugs
  38 orcs
  10 ball pythons
  8 bats
  5 endoplasms
  A giant cockroach (D:2)
  7 goblins
  4 hobgoblins
  13 jackals
  28 kobolds
  7 quokkas
  2 frilled lizards
  A kobold zombie (D:4)
  An orc zombie (D:4)
  4 rats
519 creatures vanquished.

Vanquished Creatures (others)
  20 fungi
  37 plants
  9 starspawn tentacles (Abyss:3)
  28 withered plants
94 creatures vanquished.

Grand Total: 613 creatures vanquished

Notes
Turn   | Place    | Note
-------+----------+-------------------------------------------
     0 | D:1      | Ajdolov the Octopode Transmuter began the quest for the
                  | Orb.
     0 | D:1      | Reached XP level 1. HP: 13/13 MP: 3/3
    62 | D:1      | Reached skill level 1 in Stealth
   157 | D:1      | Reached XP level 2. HP: 11/18 MP: 5/5
   733 | D:1      | Found a faded altar of an unknown god.
   842 | D:1      | Reached XP level 3. HP: 23/23 MP: 6/6
  1068 | D:2      | You fall into a shaft and drop 1 floor!
  1318 | D:2      | Reached XP level 4. HP: 22/28 MP: 7/7
  1742 | D:2      | Learned a level 4 spell: Ice Form
  2115 | D:2      | Noticed a necrophage
  2721 | D:3      | Reached XP level 5. HP: 34/34 MP: 8/8
  2771 | D:3      | Reached skill level 1 in Ice Magic
  3130 | D:3      | Reached XP level 6. HP: 35/42 MP: 9/9
  3345 | D:4      | Found a staircase to the Ecumenical Temple.
  3560 | Temple   | Entered the Ecumenical Temple
  3638 | Temple   | Became a worshipper of Gozag Ym Sagoz the Greedy
  3826 | D:4      | Reached XP level 7. HP: 46/46 MP: 10/10
  4038 | D:4      | Found a glowing drain.
  4051 | Sewer    | Entered a sewer
  4250 | D:4      | Reached skill level 5 in Unarmed Combat
  4636 | D:5      | Entered Level 5 of the Dungeon
  4772 | D:5      | Reached XP level 8. HP: 54/54 MP: 11/11
  5161 | D:5      | Reached skill level 5 in Fighting
  5348 | D:6      | Found an ornate altar of the Wu Jian Council.
  5727 | D:6      | Reached skill level 5 in Transmutations
  5788 | D:6      | Reached skill level 5 in Ice Magic
  5788 | D:6      | Reached XP level 9. HP: 59/59 MP: 8/12
  6232 | D:6      | Found a runed translucent door.
  6237 | D:6      | Noticed Crownlay's ghost (novice GrEE)
  6387 | D:7      | Noticed a hellwing
  6388 | D:7      | Noticed a hellwing
  6608 | D:7      | Noticed a red ugly thing
  6621 | D:7      | Killed a red ugly thing
  6622 | D:7      | Reached XP level 10. HP: 62/71 MP: 9/13
  6731 | D:7      | Noticed a skeletal warrior
  6914 | D:7      | Noticed Dowan
  6914 | D:7      | Noticed Duvessa
  6970 | D:7      | Killed Duvessa
  7125 | D:7      | Killed Dowan
  7279 | D:7      | Noticed Joseph
  7293 | D:7      | Killed Joseph
  7874 | D:8      | Reached XP level 11. HP: 80/80 MP: 14/14
  8418 | D:8      | Identified a scroll of acquirement
  8418 | D:8      | Acquired 596 gold pieces
  8482 | D:6      | Bought a book of the Earth for 504 gold pieces
  8489 | D:6      | Learned a level 6 spell: Statue Form
  9209 | D:9      | Reached skill level 10 in Unarmed Combat
  9224 | D:9      | Reached skill level 1 in Earth Magic
  9252 | D:9      | Noticed a two-headed ogre
  9446 | D:10     | Entered Level 10 of the Dungeon
  9446 | D:10     | Noticed a two-headed ogre
  9848 | D:10     | Killed a two-headed ogre
  9893 | D:10     | Noticed a centaur warrior
  9894 | D:10     | Noticed Maurice
  9902 | D:10     | Killed a centaur warrior
  9903 | D:10     | Reached skill level 10 in Fighting
  9910 | D:10     | Killed Maurice
  9981 | D:10     | Found the +8 demon trident "Rift" {distort, reach+}
 10497 | D:10     | Noticed a two-headed ogre
 10497 | D:10     | Noticed a two-headed ogre
 10549 | D:10     | Killed a two-headed ogre
 10634 | D:10     | Noticed a two-headed ogre
 10635 | D:10     | Noticed a two-headed ogre
 10654 | D:10     | Killed a two-headed ogre
 10703 | D:10     | Noticed a two-headed ogre
 10706 | D:10     | Noticed a two-headed ogre
 10744 | D:10     | Killed a two-headed ogre
 10749 | D:10     | Killed a two-headed ogre
 10953 | D:11     | Reached XP level 12. HP: 64/89 MP: 11/15
 11056 | D:11     | Noticed a boulder beetle
 11408 | D:11     | Found a staircase to the Orcish Mines.
 11826 | D:11     | Killed a boulder beetle
 12123 | D:11     | Found a staircase to the Lair.
 12217 | Lair:1   | Entered Level 1 of the Lair of Beasts
 12496 | Lair:1   | Noticed a five-headed hydra
 12507 | Lair:1   | Killed a five-headed hydra
 13301 | Lair:1   | Noticed a fire dragon
 13813 | Lair:2   | Noticed Nergalle
 14012 | Lair:2   | Killed Nergalle
 14013 | Lair:2   | Reached skill level 5 in Earth Magic
 14400 | Lair:3   | Found a hole to the Spider Nest.
 14506 | Lair:3   | Noticed a four-headed hydra
 14757 | Lair:3   | Killed a four-headed hydra
 14758 | Lair:3   | Reached XP level 13. HP: 98/98 MP: 12/16
 16442 | Lair:4   | Noticed Sonja
 16495 | Lair:4   | Killed Sonja
 16580 | Lair:4   | Noticed Josephine
 16789 | Lair:4   | Killed Josephine
 17489 | Lair:4   | Found a staircase to the Shoals.
 17638 | Lair:5   | Found a staircase to the Slime Pits.
 17724 | Lair:4   | Bought a scroll of teleportation for 93 gold pieces
 17724 | Lair:4   | Bought a tin of tremorstones (2/2) for 1240 gold pieces
 17724 | Lair:4   | Bought a scroll labelled RAERUN RIADUKHLE for 31 gold
                  | pieces
 17724 | Lair:4   | Bought a scroll of identify for 62 gold pieces
 17724 | Lair:4   | Bought a scroll of identify for 62 gold pieces
 18441 | Lair:5   | Reached XP level 14. HP: 108/108 MP: 13/17
 18829 | Lair:6   | Entered Level 6 of the Lair of Beasts
 18965 | Lair:6   | Noticed a dire elephant
 18965 | Lair:6   | Noticed a dire elephant
 18996 | Lair:6   | Noticed a dire elephant
 19511 | Lair:6   | Bought a condenser vane for 400 gold pieces
 19511 | Lair:6   | Bought a scroll of blinking for 75 gold pieces
 20317 | Lair:6   | Reached skill level 15 in Unarmed Combat
 20528 | Lair:6   | Killed a dire elephant
 20594 | Lair:6   | Killed a dire elephant
 20603 | Lair:6   | Killed a dire elephant
 20653 | Lair:6   | Reached skill level 15 in Fighting
 20743 | Lair:6   | Noticed a dire elephant
 20761 | Lair:6   | Killed a dire elephant
 21614 | D:12     | Noticed Fannar
 21627 | D:12     | Killed Fannar
 21978 | D:12     | Reached XP level 15. HP: 109/116 MP: 21/21
 22027 | D:12     | Noticed Nessos
 22062 | D:12     | Killed Nessos
 23246 | D:13     | Found a gate to the Vaults.
 24040 | D:14     | Noticed Agnes
 24053 | D:14     | Killed Agnes
 24214 | D:14     | Cast into level 2 of the Abyss (a wizard)
 24246 | D:14     | Escaped the Abyss
 24378 | D:13     | Reached skill level 5 in Spellcasting
 24632 | D:14     | Identified the +6 tower shield of Sufficient Freedom {+Inv
                  | rF++}
 24632 | D:14     | Noticed Louise
 24633 | D:14     | Cast into level 3 of the Abyss (Louise)
 24706 | Abyss:3  | Noticed a tentacled starspawn
 24712 | Abyss:3  | Noticed a tentacled starspawn
 24762 | Abyss:3  | Noticed a tentacled starspawn
 24791 | Abyss:3  | Killed a tentacled starspawn
 24876 | Abyss:3  | Noticed an Executioner
 24890 | Abyss:3  | HP: 5/210 [Executioner (8)]
 24890 | Abyss:3  | Slain by an Executioner

Illustrated notes

Levels and vault maps discovered:
D:1:      sevenhm_arrival_forest_fort_large_1, layout_loops_ring,
          shapermc_ecumenical_altar_venn
D:2:      layout_basic, kennysheep_cross_bottleneck, minmay_pentomino_pile
D:3:      layout_loops_corners
D:4:      layout_loops_ring, minmay_temple_entry_junction_2,
          cheibrodos_sewer_entry_sluice, enter_ossuary_3, serial_undead,
          serial_undead_c, serial_undead_e, serial_undead_e, serial_undead_c,
          corexii_hall_statues_x
D:5:      layout_cave_pools
D:6:      layout_loops_ring, nzn_wu_jian_council_hall,
          ebering_ghost_reflecting_pool, st_stairs_13
D:7:      cheibrodos_grave_circle, layout_rooms,
          hangedman_abyss_or_decor_lesser_grid, wad_mini_maze, uniq_duvessa,
          uniq_joseph
D:8:      layout_loops_ring
D:9:      layout_gridville, bh_walls_and_bars
D:10:     layout_loops_cross, uniq_maurice, uniq_lodul
D:11:     layout_stronghold, erik_lair_dragon, david_orc_2
D:12:     layout_layer_cave, uniq_nessos, uniq_fannar
D:13:     layout_roguey, david_vaults_1
D:14:     minmay_goldmine, layout_basic, minmay_misc_feat_square, uniq_louise,
          uniq_agnes
Temple:   compressed_dpeg_circular_temple
Lair:1:   dragon1_lemuel, layout_layer_cave, chequers_serial_rivers_micro_c,
          lemuel_fruit_fields, serial_bayou_shore_b
Lair:2:   layout_regular_city, uniq_nergalle
Lair:3:   layout_loops_ring, spider_nest_entry_web_field, pond,
          grunt_megastairs_3, infiniplex_staircase_pool
Lair:4:   layout_gridlike, minmay_shoals_entry_beasts, uniq_sonja,
          uniq_josephine
Lair:5:   layout_small_grid, minmay_slime_entry_pillars,
          nicolae_quartered_pool_medium, nicolae_lair_yak_garden
Lair:6:   due_jungle_book, layout_regular_city, st_stairs_4, grunt_megastairs_5
Abyss:3:  base: D:2, hangedman_abyss_theft, hangedman_abyss_or_decor_clamps,
          hangedman_decor_lopped, hangedman_decor_lopped,
          serial_sigils_hangedman_gut, grunt_abyss_exit_deep_breaths

Skill      XL: |  1  2  3  4  5  6  7  8  9 10 11 12 13 14 15 |
---------------+----------------------------------------------+-----
Stealth        | 2 3 4 |  4.0
Fighting       | 2 3 4 5 7 9 10 12 14 15 16 | 16.0
Ice Magic      | 2 3 5 |  5.9
Unarmed Combat | 4 5 6 8 9 11 12 14 15 16 | 16.2
Transmutations | 3 4 5 6 7 8 9 |  9.0
Earth Magic    | 3 5 7 8 9 |  9.4
Spellcasting   | 4 5 |  5.1
Dodging        | |  2.0

Action                   |  1- 3 |  4- 6 |  7- 9 | 10-12 | 13-15 || total
-------------------------+-------+-------+-------+-------+-------++-------
Melee: Unarmed           |    35 |       |    69 |   526 |   788 ||  1418
       Tentacles         |    11 |    24 |    35 |     5 |     4 ||    79
       Constrict         |    12 |    35 |    34 |     4 |     3 ||    88
       Punch             |     3 |     4 |    11 |     3 |     1 ||    22
       Dagger            |    26 |   132 |   128 |     5 |       ||   291
Throw: Dart              |       |       |       |       |     1 ||     1
 Cast: Ice Form          |       |       |     7 |    55 |    78 ||   140
Invok: Call Merchant     |       |       |     1 |       |     2 ||     3
Evoke: Wand              |       |       |       |     5 |     4 ||     9
       Condenser vane    |       |       |       |       |     1 ||     1
  Use: Potion            |       |       |       |     3 |     8 ||    11
       Scroll            |       |       |       |    20 |    10 ||    30
 Stab: Sleeping          |    20 |     7 |    10 |     2 |     4 ||    43
       Distracted        |       |     3 |     1 |       |     7 ||    11
       Paralysed         |       |       |       |     6 |       ||     6
       Petrified         |       |       |       |       |     3 ||     3
Armor: Skin              |     4 |     7 |    26 |   156 |   213 ||   406
Dodge: Dodged            |    39 |    86 |   108 |   226 |   268 ||   727

Table legend: (Time is in decaauts)
 A = Elapsed time spent in this place.
 B = Non-inter-level travel time spent in this place.
 C = Inter-level travel time spent in this place.
 D = Time resting spent in this place.
 E = Time spent auto-exploring this place.
 F = Levels seen in this place.
 G = Mean time per level.
                   A        B        C        D        E       F      G
               +--------+--------+--------+--------+--------+-----+--------+
         Total |  24663 |  23616 |   1047 |   4384 |  13697 |  24 | 1027.6 |
       Dungeon |  15128 |  14525 |    603 |   2767 |   8792 |  14 | 1080.6 |
        Temple |     90 |     83 |      7 |      0 |     47 |   1 |   90.0 |
          Lair |   9041 |   8605 |    436 |   1581 |   4732 |   6 | 1506.8 |
         Abyss |    280 |    280 |      0 |     35 |     48 |   2 |  140.0 |
         Sewer |    123 |    123 |      0 |      0 |     78 |   1 |  123.0 |
               +--------+--------+--------+--------+--------+-----+--------+

Top non-repeatable levels by time:
  Lair:6: 2406 daAuts
  Lair:3: 1554 daAuts
  Lair:4: 1423 daAuts
    D:11: 1410 daAuts
    D:13: 1354 daAuts
     D:1: 1351 daAuts
  Lair:1: 1329 daAuts
    D:10: 1281 daAuts
    D:12: 1259 daAuts
     D:6: 1203 daAuts
  Lair:2: 1189 daAuts
  Lair:5: 1138 daAuts
     D:7: 1115 daAuts
     D:2: 1108 daAuts
     D:3: 1053 daAuts
